 Dungeon Crawl Stone Soup version 0.22-a0-617-g6d95e9e (webtiles) character file.

2081 sking99 the Martial Artist (level 9, -6/54 HPs)
             Began as an Octopode Transmuter on July 12, 2018.
             Was a Believer of Hepliaklqana.
             Mangled by a troll (14 damage)
             ... on level 8 of the Dungeon.
             The game lasted 00:15:37 (9219 turns).

sking99 the Martial Artist (Octopode Transmuter)    Turns: 9219, Time: 00:15:38

Health: -6/54      AC:  2    Str:  9    XL:     9   Next: 27%
Magic:  10/12      EV: 25    Int: 16    God:    Hepliaklqana [**....]
Gold:   499        SH:  0    Dex: 20    Spells: 6/12 levels left

rFire    . . .     SeeInvis .     - Unarmed
rCold    . . .     Gourm    .   (shield currently unavailable)
rNeg     . . .     Faith    .   (helmet currently unavailable)
rPois    .         Spirit   .   g - amulet of magic regeneration
rElec    .         Reflect  .   d - ring of poison resistance
rCorr    .         Harm     .   (no ring)
MR       .....                  (no ring)
Stlth    ++........             (no ring)
HPRegen  0.18/turn              (no ring)
MPRegen  0.38/turn              (no ring)
                                (no ring)
                                (no ring)

@: spider-form, very slightly contaminated
A: tiny, almost no armour, stealthy swim, (amphibious), 8 rings, (constrict 8),
reduced essence
a: End Transformation, Recall Ancestor, Ancestor Identity, Renounce Religion


You were on level 8 of the Dungeon.
You worshipped Hepliaklqana.
Hepliaklqana was pleased with you.
You were not hungry.
You were a venomous arachnid creature.
You visited 1 branch of the dungeon, and saw 8 of its levels.

You collected 499 gold pieces.

Inventory:

Missiles
 a - 104 arrows
Jewellery
 d - a ring of poison resistance (left front leg)
 g - an amulet of magic regeneration (around neck)
Wands
 b - a wand of disintegration (12)
 k - a wand of scattershot (2)
Scrolls
 f - 4 scrolls of remove curse
 i - 3 scrolls of teleportation
 r - a scroll of amnesia
Potions
 e - 2 potions of haste
 h - a potion of cancellation {unknown}
 j - a potion of berserk rage {unknown}
 l - a potion of degeneration {unknown}
 m - 4 potions of curing
 n - a potion of flight
 o - a potion of might {unknown}
 p - a potion of lignification {unknown}
 s - a potion of agility {unknown}
 t - a potion of resistance {unknown}
Comestibles
 c - 12 rations


   Skills:
 + Level 5.5 Fighting
 + Level 5.9 Dodging
 * Level 8.5 Unarmed Combat
 - Level 2.0 Spellcasting
 - Level 4.0 Transmutations
 - Level 2.0 Poison Magic


You had 6 spell levels left.
You knew the following spells:

 Your Spells              Type           Power        Failure   Level  Hunger
a - Spider Form           Tmut/Pois      ##........   38%         3    ###....
b - Sticks to Snakes      Tmut           ##......     17%         2    ###....
c - Beastly Appendage     Tmut           ##....       13%         1    #......

Your spell library contained the following spells:

 Spells                   Type           Power        Failure   Level  Hunger
 Mephitic Cloud           Conj/Pois/Air  #.......     65%         3    ###....
 Venom Bolt               Conj/Pois      #.........   99%         5    ######.
 Olgreb's Toxic Radiance  Pois           #.......     83%         4    #####..
 Animate Dead             Necr           N/A          97%         4    #####..
 Pain                     Necr           #...         41%         1    #......
 Animate Skeleton         Necr           N/A          41%         1    #......
 Vampiric Draining        Necr           #.........   73%         3    ###....
 Regeneration             Chrm/Necr      #.........   73%         3    ###....
 Sting                    Conj/Pois      #...         32%         1    #......
 Stone Arrow              Conj/Erth      #.....       73%         3    ###....
 Blade Hands              Tmut           ##........   88%         5    ######.
 Ice Form                 Ice/Tmut       #.......     83%         4    #####..
 Passwall                 Tmut/Erth      #.......     32%         2    ###....
 Lee's Rapid Deconstruct  Erth           #.........   100%        5    ######.
 Sandblast                Erth           #.....       41%         1    #......
 Petrify                  Tmut/Erth      #.......     83%         4    #####..
 Poisonous Vapours        Pois/Air       #.....       41%         2    ###....


Dungeon Overview and Level Annotations

Branches:
Dungeon (8/15)             Temple (0/1) D:6
   Lair: D:8-11

Altars:
Ashenzari
Elyvilon
Fedhas
Hepliaklqana
Nemelex Xobeh
Okawaru
Trog
Uskayaw
Wu Jian
Xom
Yredelemnul
Zin
The Shining One

Shops:
D:5 *

Annotations:
D:2 Sigmund


Innate Abilities, Weirdness & Mutations

You cannot wear most types of armour.
You are very stealthy in the water. (Stealth+)
((You are amphibious.))
You can wear up to eight rings at the same time.
((You can use your tentacles to constrict eight enemies at once.))
((Your skin changes colour to match your surroundings (Stealth+).))
((Your rubbery body absorbs attacks. (AC +1, EV +1)))
Your life essence is reduced to manifest your ancestor. (-10% HP)


Message History

You hear the slow hiss of a distant avalanche of sand.
Casting: Spider Form (safe; 19% risk of failure)
Confirm with . or Enter, or press ? or * to list all spells.
You turn into a venomous arachnid creature.
The troll closely misses you. The troll barely misses you.
The troll closely misses you.
You bite the troll!
The troll is poisoned.
The troll is moderately wounded.
You hear a loud, deep croak!
A bullfrog comes into view.
The troll completely misses you. The troll claws you! The troll misses you.
You hear an angry hiss.
You bite the troll!
The troll looks as sick as possible!
The troll is moderately wounded.
The bullfrog hits Traps R Fun.
Traps R Fun casts a spell at the bullfrog.
The bullfrog appears confused.
The troll bites you!
* * * LOW HITPOINT WARNING * * *
The troll claws you!
You die...

*,************#.* *.###.#......
,,,,,,,,,,,,,...*####..##.#......
*,,*****,**###..*#..)#.##.#......
,*,*,,,,,,,..#.#*#...#.##.#......
,*,*,*+***+#.#.###...#.##'#......
,*,*,*,,,,,#.#.#...............†.
,*,*,***+**#)#.#...........###)).
,*,,,+,,,,,+...#...........# #.##
**,*,***+**#.#.#s..........#*#'#,
**,*,*,,,,,#.#.TR..........#,...,
,*,#.#+###+#.#.F########..##....,
,,,#.........#...,,,,,,...##.....
***#####O#########,***##...'.....
,*,**,O..,,,***,*,,,*,*#..##.....
,,**.T###**,,*,,,*,*,,,#...+,,,,,
,,,#.*,,,,**,**,*,*,*,**...#,,,,,
,,*#,*,,,,,*,*,*,,,,,*,*,,,*,,,,,


You could see the friendly Traps R Fun the hexer, a troll and a bullfrog
(confused).

Vanquished Creatures
  An ugly thing (D:8)
  A sky beast (D:6)
  A centaur (D:8)
  2 ogres
  The ghost of Amnesiac the Digger, an amateur SpEE (D:4)
  3 bullfrogs (D:7)
  2 scorpions (D:7)
  2 killer bees (D:8)
  A howler monkey (D:6)
  2 crimson imps
  2 centaur zombies
  2 hounds (D:4)
  3 orc priests
  Crazy Yiuf (D:7)
  A bullfrog skeleton (D:3)
  2 orc wizards
  2 iguanas
  2 worker ants (D:6)
  A gnoll (D:8)
  8 adders
  2 shadow imps
  2 worms
  2 dart slugs
  9 leopard geckos
  11 orcs
  2 giant cockroaches
  10 goblins
  12 hobgoblins
  6 jackals
  2 quokkas
  3 ball pythons
  9 bats
  5 frilled lizards
  9 kobolds
  A leopard gecko zombie (D:5)
  8 rats
  A spectral orc (D:6)
  A fungus (D:7)
135 creatures vanquished.

Vanquished Creatures (collateral kills)
  A centaur (D:7)
  A wyvern zombie (D:6)
  A scorpion (D:7)
  A killer bee (D:8)
  An iguana (D:8)
  2 worker ants
  2 adders
  A shadow imp (D:5)
  A leopard gecko (D:7)
  A quokka (D:6)
12 creatures vanquished.

Vanquished Creatures (others)
  A hexer (D:8)
  An ancestor (D:6)
2 creatures vanquished.

Grand Total: 149 creatures vanquished

Notes
Turn   | Place    | Note
-------+----------+-------------------------------------------
     0 | D:1      | sking99 the Octopode Transmuter began the quest for the Orb.
     0 | D:1      | Reached XP level 1. HP: 13/13 MP: 3/3
   511 | D:1      | Reached XP level 2. HP: 18/18 MP: 3/5
   848 | D:1      | Reached XP level 3. HP: 22/23 MP: 6/6
   853 | D:1      | Learned a level 2 spell: Sticks to Snakes
   857 | D:1      | Learned a level 3 spell: Spider Form
  1778 | D:2      | Noticed Sigmund
  2300 | D:3      | Reached XP level 4. HP: 11/29 MP: 5/7
  2527 | D:3      | Reached skill level 1 in Poison Magic
  2641 | D:3      | Found a white marble altar of Elyvilon.
  2643 | D:3      | Found a shattered altar of Ashenzari.
  2676 | D:3      | Reached skill level 4 in Unarmed Combat
  2896 | D:3      | Reached XP level 5. HP: 34/34 MP: 4/8
  2954 | D:3      | Found a hazy altar of Hepliaklqana.
  2954 | D:3      | Found an ornate altar of the Wu Jian Council.
  3339 | D:3      | Reached XP level 6. HP: 26/40 MP: 5/9
  3631 | D:3      | Became a worshipper of Hepliaklqana the Forgotten
  3732 | D:4      | Reached skill level 5 in Unarmed Combat
  3824 | D:4      | Found a sparkling altar of Nemelex Xobeh.
  3998 | D:4      | Found a large runed door.
  3998 | D:4      | Found a large runed door.
  4000 | D:4      | Noticed Amnesiac's ghost (amateur SpEE)
  4324 | D:4      | Killed Amnesiac's ghost
  4324 | D:4      | Reached XP level 7. HP: 36/41 MP: 1/10
  4544 | D:5      | Entered Level 5 of the Dungeon
  4565 | D:5      | Found a bloodstained altar of Trog.
  4764 | D:5      | Found Gaurch's Assorted Antiques.
  4987 | D:5      | Reached * piety under Hepliaklqana
  5823 | D:6      | Found a hide-covered altar of Uskayaw.
  6245 | D:6      | Found an iron altar of Okawaru.
  6315 | D:6      | Found a staircase to the Ecumenical Temple.
  6438 | D:6      | Reached skill level 6 in Unarmed Combat
  6987 | D:6      | Reached ** piety under Hepliaklqana
  6997 | D:6      | Remembered your ancestor Traps R Fun as a hexer
  7008 | D:6      | Reached XP level 8. HP: 30/48 MP: 8/11
  7233 | D:6      | Found a basalt altar of Yredelemnul.
  7279 | D:6      | Found a glowing golden altar of the Shining One.
  7464 | D:6      | Found a blossoming altar of Fedhas.
  8016 | D:7      | Reached skill level 7 in Unarmed Combat
  8437 | D:7      | Reached skill level 5 in Dodging
  8873 | D:7      | Found a runed door.
  8877 | D:7      | Noticed Crazy Yiuf
  8884 | D:7      | Killed Crazy Yiuf
  9056 | D:8      | Found a glowing silver altar of Zin.
  9056 | D:8      | Noticed an angel
  9057 | D:8      | Found a shimmering altar of Xom.
  9068 | D:8      | Reached skill level 5 in Fighting
  9084 | D:8      | Reached XP level 9. HP: 30/54 MP: 12/12
  9094 | D:8      | Reached skill level 8 in Unarmed Combat
  9125 | D:8      | Noticed a purple ugly thing
  9127 | D:8      | Noticed a troll
  9169 | D:8      | Killed a purple ugly thing
  9219 | D:8      | Mangled by a troll

Vault maps used:
D:1:      dpeg_arrival_shelter, minmay_misc_feat_roman
D:2:      corexii_shack, uniq_sigmund
D:3:      overflow_temple_1_default, elyvilon_altar_4,
          gammafunk_temple_overflow_wave
D:4:      nemelex_xobeh_ov_fountains_minmay, ebering_ghost_disaster_area,
          first_ration
D:5:      lightli_temple_of_fire, serial_shops, shop
D:6:      overflow_temple_1_default, eat_drink_and_be_merry_uskayaw,
          okawaru_altar_gauntlet_db, yredelemnul_forgotten_temple_becter,
          kennysheep_little_box, temple_green, minmay_misc_feat_secret_circle
D:7:      minmay_misc_feat_diagonals, hangedman_minor_gate_pass,
          uniq_crazy_yiuf_cottage
D:8:      minmay_the_grid_plus, grunt_temple_overflow_order_and_chaos_1,
          lightli_ossuary_entry_decrepit_ruins

Skill      XL: |  1  2  3  4  5  6  7  8  9 |
---------------+----------------------------+-----
Poison Magic   | 1 2 |  2.0
Fighting       | 2 3 5 |  5.5
Unarmed Combat | 4 5 6 7 8 |  8.5
Transmutations | 3 4 |  4.0
Dodging        | 3 4 5 |  5.9
Spellcasting   | |  2.0

Action                   |  1- 3 |  4- 6 |  7- 9 || total
-------------------------+-------+-------+-------++-------
Melee: Unarmed           |    85 |   115 |   174 ||   374
       Constrict         |    28 |     8 |     7 ||    43
       Kick              |    14 |       |       ||    14
       Tentacles         |    12 |     2 |     7 ||    21
       Punch             |       |     1 |     1 ||     2
 Cast: Beastly Appendage |    17 |     1 |     1 ||    19
       Spider Form       |       |    18 |    35 ||    53
       Sticks to Snakes  |       |     3 |    10 ||    13
Invok: Ancestor Identity |       |     2 |       ||     2
       Ancestor Life: He |       |       |     1 ||     1
       Recall Ancestor   |       |       |     1 ||     1
  Use: Potion            |       |     2 |       ||     2
       Scroll            |       |     6 |    10 ||    16
 Stab: Sleeping          |     7 |     5 |     2 ||    14
       Distracted        |       |     1 |     3 ||     4
  Eat: Chunk             |     3 |    11 |    16 ||    30
       Ration            |       |       |     2 ||     2
Armor: Skin              |    16 |     7 |     4 ||    27
Dodge: Dodged            |    63 |    92 |   168 ||   323

Table legend:
 A = Spawn XP
 B = Non-spawn XP
 C = Spawn XP percentage of total XP
 D = Spawn monster count
 E = Non-spawn monster count
 F = Spawn count percentage of total count
 G = Total turns spent on level
                    A         B        C        D         E        F      G
               +---------+---------+-------+---------+---------+-------+---------
         Total |       0 |    2974 |   0.0 |       0 |     146 |   0.0 |  9219
               +---------+---------+-------+---------+---------+-------+---------
           D:1 |       0 |      45 |   0.0 |       0 |      27 |   0.0 |  1302
           D:2 |       0 |      26 |   0.0 |       0 |       7 |   0.0 |   945
           D:3 |       0 |     257 |   0.0 |       0 |      42 |   0.0 |  1430
           D:4 |       0 |     337 |   0.0 |       0 |       9 |   0.0 |   867
           D:5 |       0 |     122 |   0.0 |       0 |       9 |   0.0 |  1086
           D:6 |       0 |     496 |   0.0 |       0 |      22 |   0.0 |  2050
           D:7 |       0 |     812 |   0.0 |       0 |      19 |   0.0 |  1331
           D:8 |       0 |     879 |   0.0 |       0 |      11 |   0.0 |   208
               +---------+---------+-------+---------+---------+-------+---------
